 Dungeon Crawl Stone Soup version 0.20.1-1-g8b1a95d (webtiles) character file.

210 letownia2 the Grave Robber (level 5, 29/42 HPs)
             Began as a Deep Dwarf Necromancer on Dec 1, 2017.
             Quit the game on level 4 of the Dungeon on Dec 3, 2017.
             The game lasted 00:06:19 (1783 turns).

letownia2 the Grave Robber (Deep Dwarf Necromancer) Turns: 1783, Time: 00:06:19

Health: 29/42      AC:  3    Str: 12    XL:     5   Next: 56%
Magic:  5/8        EV: 12    Int: 16    God:
Gold:   33         SH:  0    Dex: 13    Spells: 4/8 levels left

rFire    . . .     SeeInvis .   e - +0 dagger
rCold    . . .     Gourm    .   (no shield)
rNeg     . . .     Faith    .   g - +0 leather armour
rPois    .         Spirit   .   (no helmet)
rElec    .         Reflect  .   (no cloak)
rCorr    .         Harm     .   (no gloves)
MR       .....                  (no boots)
Stlth    ++........             (no amulet)
Regen    0.0/turn               (no ring)
MPRegen  0.2/turn               (no ring)

@: non-regenerating
A: damage resistance, heal wounds, sense surroundings 1, no regeneration
a: Heal Wounds


You were on level 4 of the Dungeon.
You were not hungry.

You visited 1 branch of the dungeon, and saw 4 of its levels.
You also visited: Sewer.

You collected 33 gold pieces.

Inventory:

Hand Weapons
 e - a +0 dagger (weapon)
Missiles
 k - 5 tomahawks of dispersal (quivered)
Armour
 g - a +0 leather armour (worn)
 m - a +0 ring mail
Scrolls
 a - a scroll of identify {unknown}
 f - a scroll of teleportation {unknown}
Potions
 h - 2 potions of flight {unknown}
 i - a potion of heal wounds {unknown}
 j - a potion of degeneration {unknown}
 l - 2 potions of curing
Books
 b - a book of Necromancy

   Spells                             Type                      Level
   a - Pain                           Necromancy                   1
   b - Animate Skeleton               Necromancy                   1
   c - Vampiric Draining              Necromancy                   3
   d - Regeneration                   Charms/Necromancy            3
   e - Animate Dead                   Necromancy                   4
   f - Control Undead                 Necromancy                   4
Comestibles
 c - 2 bread rations
 d - 3 fruits
 n - a chunk of flesh


   Skills:
 + Level 0.1 Fighting
 - Level 2.1 Dodging
 - Level 2.4 Stealth
 + Level 2.1 Spellcasting
 - Level 7.3 Necromancy


You had 4 spell levels left.
You knew the following spells:

 Your Spells              Type           Power        Failure   Level  Hunger
a - Pain                  Necr           ####         1%          1    #......
v - Vampiric Draining     Necr           ####......   3%          3    ###....


Dungeon Overview and Level Annotations

Branches:
Dungeon (4/15)
 Temple: D:4-7

Altars:
Nemelex Xobeh
Ru

Annotations:
D:3 Lanoc's ghost, amateur DDAs


Innate Abilities, Weirdness & Mutations

You are resistant to damage.
You can heal yourself by infusing magical energy.
You passively map a small area around you.
You do not regenerate.


Message History

Eat one of 2 chunks of flesh? (ye/n/q)
You eat one of the 2 chunks of flesh.
This raw flesh tastes terrible.
You see here a falchion.
Found a ring mail.
Found a stone staircase leading down.
You see here a ring mail.
You now have 33 gold pieces (gained 6).
You open the door.
There is an open door here.
Found 12 stones.
A phantom comes into view.
Found 7 gold pieces.
A bullfrog skeleton comes into view.
There are monsters nearby!
There are monsters nearby!
There are monsters nearby!
The bullfrog skeleton moves out of view.
There is an open door here.
You close the door.
There is a stone staircase leading down here.
Are you sure you want to abandon this character and quit the game? (Confirm with "yes".)

##########
#........############
#..[............)....
########...@.......)....####
.........#######......#)....
########.# #......#..... ,
#......#+## #......#.....
#.........# #......#.....
#.........# #......##....
#.........# ##+######....
#.........# , ** #.(.. *
#####.....#**** , #....


There were no monsters in sight!

Vanquished Creatures
  A slave (D:4)
  A big kobold (Sewer)
  A scorpion (D:3)
  An orc wizard (D:3)
  An adder (D:4)
  2 river rats (Sewer)
  A dart slug (D:2)
  3 leopard geckos
  3 orcs
  7 giant cockroaches
  3 goblins
  A jackal (Sewer)
  6 kobolds
  4 rats
35 creatures vanquished.

Notes
Turn   | Place    | Note
-------+----------+-------------------------------------------
     0 | D:1      | letownia2 the Deep Dwarf Necromancer began the quest for the Orb.
     0 | D:1      | Reached XP level 1. HP: 15/15 MP: 3/3
   322 | D:2      | Found a sparkling altar of Nemelex Xobeh.
   402 | D:2      | Reached XP level 2. HP: 22/22 MP: 3/5
   465 | D:3      | Noticed a scorpion
   508 | D:3      | Killed a scorpion
   508 | D:3      | Reached skill level 5 in Necromancy
   508 | D:3      | Reached XP level 3. HP: 6/28 MP: 0/6
   513 | D:3      | Learned a level 3 spell: Vampiric Draining
   839 | D:3      | Reached XP level 4. HP: 13/36 MP: 0/7
   902 | D:3      | Reached skill level 6 in Necromancy
   931 | D:3      | Found a sacrificial altar of Ru.
   938 | D:3      | Noticed Lanoc's ghost (amateur DDAs)
  1101 | D:4      | Found a glowing drain.
  1183 | Sewer    | Entered a sewer
  1355 | Sewer    | Noticed a big kobold
  1489 | Sewer    | Killed a big kobold
  1489 | Sewer    | Reached skill level 7 in Necromancy
  1489 | Sewer    | Reached XP level 5. HP: 15/42 MP: 0/8
  1599 | Sewer    | Found a white marble altar of Elyvilon.
  1692 | D:4      | Noticed a slave
  1736 | D:4      | Killed a slave
  1772 | D:4      | Noticed a phantom
  1783 | D:4      | Quit the game

Skill      XL: |  1  2  3  4 |
---------------+-------------+-----
Spellcasting   | 2 |  2.1
Necromancy     | 5 7 |  7.3
Fighting       | |  0.1
Dodging        | |  2.1
Stealth        | |  2.4

Action                   |  1- 3 |  4- 6 || total
-------------------------+-------+-------++-------
Melee: Dagger            |       |    49 ||    49
 Cast: Pain              |    26 |    23 ||    49
       Vampiric Draining |     4 |    13 ||    17
  Eat: Chunk             |       |     6 ||     6
Armor: Leather armour    |       |    27 ||    27
Dodge: Dodged            |     8 |    70 ||    78
